 Dungeon Sprint DCSS version 0.23-a0-171-g5ae17c6 (webtiles) character file.

35 Faca the Skirmisher (level 3, -9/38 HPs)
             Began as a Minotaur Berserker on Sept 13, 2018.
             Was a Believer of Trog.
             Mangled by a water elemental (18 damage)
             ... in the Dungeon (Sprint III: "The Ten Rune Challenge").
             The game lasted 00:01:12 (336 turns).

Faca the Skirmisher (Minotaur Berserker)             Turns: 336, Time: 00:01:13

Health: -9/38      AC:  2    Str: 22    XL:     3   Next: 16%
Magic:  2/2        EV: 12    Int:  6    God:    Trog [**....]
Gold:   16         SH:  0    Dex:  9    Spells: 2/2 levels left

rFire    . . .     SeeInvis .   a - +0 hand axe
rCold    + . .     Gourm    .   (no shield)
rNeg     . . .     Faith    .   b - +0 animal skin
rPois    .         Spirit   .   (helmet restricted)
rElec    .         Reflect  .   (no cloak)
rCorr    .         Harm     .   (no gloves)
MR       +....     NoTele   +   (no boots)
Stlth    +.........             (no amulet)
HPRegen  0.12/turn              (no ring)
MPRegen  0.08/turn              (no ring)

@: engulfed (cannot breathe)
A: retaliatory headbutt, horns 2, clever 1, cold resistance 1, magic resistance
1, MP-powered wands
a: Berserk, Trog's Hand, Renounce Religion


You were in the Dungeon.
You worshipped Trog.
Trog was pleased with you.
You were not hungry.

You visited 1 branch You collected 16 gold pieces.

Inventory:

Hand Weapons
 a - a +0 hand axe (weapon)
Armour
 b - a +0 animal skin (worn)
Scrolls
 i - a scroll of blinking
 j - 5 scrolls of remove curse
 k - a scroll of fear {unknown}
 l - 2 scrolls of immolation {unknown}
 m - 2 scrolls of identify {unknown}
Potions
 d - a potion of curing
 e - 2 potions of heal wounds
 f - a potion of haste
 g - 2 potions of magic
 h - a potion of berserk rage
 n - 2 potions of flight
 o - 5 potions of mutation
Comestibles
 c - 3 rations


   Skills:
 + Level 6.4 Fighting
 + Level 6.4 Axes
 - Level 2.5 Armour
 - Level 2.3 Dodging


You had 2 spell levels left.
You didn't know any spells.
Your spell library was empty.

Dungeon Overview and Level Annotations

Branches:
Dungeon (1/1)

Altars:


Innate Abilities, Weirdness & Mutations

You reflexively headbutt those who attack you in melee.
You have a pair of horns on your head.
Your mind is acute. (Int +2)
Your flesh is cold resistant. (rC+)
You are resistant to hostile enchantments. (MR+)
You expend magic power (3 MP) to strengthen your wands.


Message History

A water elemental comes into view.
You hit the water elemental.
The water elemental is lightly damaged.
The water elemental closely misses you.
You closely miss the water elemental.
The water elemental is lightly damaged.
The water elemental hits you!
You barely miss the water elemental. You headbutt the water elemental.
The water elemental is moderately damaged.
The water elemental barely misses you.
You hit the water elemental.
The water elemental is moderately damaged.
The water elemental hits you!!
The water elemental engulfs you in water!
You hit the water elemental.
The water elemental is moderately damaged.
* * * LOW HITPOINT WARNING * * *
Your lungs strain for air!
The water elemental hits you!!
You die...

▓▓▓▓▓▓▓▓ ▓▓▓ <..#...####
##.# ...#......#####..#
..##.......#..#..#
##.##.##...#..#..###+#+#
##.##.###..##'#..#......
#.####.##..###...E.⌠....
.###..##.÷####..@#...###
#..†..##..###....# ⌠.#
###..##...##.....# .#
##..##....#......# #
#..###..##÷#.....# #..#
#..#####....# ▓▓▓▓ ▓▓▓▓
▓▓▓▓▓▓


You could see a water elemental.

Vanquished Creatures
  A human (D)
  A wolf (D)
  4 rats (D)
6 creatures vanquished.

Vanquished Creatures (others)
  2 draconian scorchers (D)
  6 hellions (D)
  A yaktaur (D)
9 creatures vanquished.

Grand Total: 15 creatures vanquished

Notes
Turn   | Place    | Note
-------+----------+-------------------------------------------
     0 | D        | Faca the Minotaur Berserker began the quest for the Orb.
     0 | D        | Reached XP level 1. HP: 19/19 MP: 0/0
    35 | D        | Reached ** piety under Trog
    50 | D        | Noticed a wolf
    66 | D        | Reached skill level 5 in Fighting
    66 | D        | Reached skill level 5 in Axes
    66 | D        | Reached XP level 2. HP: 7/30 MP: 1/1
    70 | D        | Reached XP level 3. HP: 10/38 MP: 2/2
   130 | D        | Killed a hellion
   130 | D        | Killed a hellion
   133 | D        | Killed a hellion
   139 | D        | Killed a hellion
   140 | D        | Killed a hellion
   143 | D        | Killed a yaktaur
   175 | D        | Killed a hellion
   276 | D        | Killed a white draconian scorcher
   327 | D        | Gained mutation: Your mind is acute. (Int +2) [potion of
                  | mutation]
   327 | D        | Gained mutation: You expend magic power (3 MP) to
                  | strengthen your wands. [potion of mutation]
   327 | D        | Gained mutation: Your flesh is cold resistant. (rC+)
                  | [potion of mutation]
   327 | D        | Gained mutation: You are resistant to hostile enchantments.
                  | (MR+) [potion of mutation]
   330 | D        | Noticed a water elemental
   335 | D        | Killed a white draconian scorcher
   336 | D        | Mangled by a water elemental

Vault maps used:
D:        dungeon_sprint_mu

Skill      XL: |  1  2 |
---------------+-------+-----
Fighting       | 5 6 |  6.4
Axes           | 5 6 |  6.4
Armour         | |  2.5
Dodging        | |  2.3

Action                   || total
-------------------------++-------
Melee: Hand axe          ||    29
       Headbutt          ||     5
  Use: Potion            ||     1
Armor: Animal skin       ||     3
Dodge: Dodged            ||    18

Table legend:
 A = Non-vault XP
 B = Vault XP
 C = Vault XP percentage of total XP
 D = Non-vault monster count
 E = Vault monster count
 F = Vault count percentage of total count
                 A         B        C        D         E       F
            +---------+---------+-------+---------+---------+-------
      Total |       0 |      50 | 100.0 |       0 |       6 | 100.0
            +---------+---------+-------+---------+---------+-------
          D |       0 |      50 | 100.0 |       0 |       6 | 100.0
            +---------+---------+-------+---------+---------+-------
